 Dungeon Crawl Stone Soup version 0.31.0-9-g3a7656b989 (webtiles) character file.

Game seed: 5412848126019032515

126006 Anriel the Destroyer (level 15, -6/113 HPs)
             Began as a Demigod Conjurer on Jan 25, 2024.
             Mangled by a +2 battleaxe of venom (16 damage)
             ... on level 1 of the Elven Halls on Jan 26, 2024.
             The game lasted 03:48:00 (37510 turns).

Anriel the Destroyer (Demigod Conjurer)            Turns: 37510, Time: 03:48:00

Health: -6/113     AC: 10    Str:  8    XL:     15   Next: 96%
Magic:  1/42       EV: 17    Int: 39    God:
Gold:   1158       SH:  0    Dex: 16    Spells: 9/34 levels left

rFire   . . .        X - staff of conjuration
rCold   + . .        (no shield)
rNeg    . . .        O - +0 steam dragon scales
rPois   .            b - +1 hat {Will+}
rElec   .            R - +0 cloak
rCorr   .            (no gloves)
SInv    +            D - +1 pair of boots
Will    ++...        (no amulet)
Stlth   +++          w - ring of magical power
HPRegen 1.18/turn    s - ring "Kees" {Int+3 SInv}
MPRegen 0.28/turn

%: no passive effects
@: lethally poisoned (-6 -> -22), hasted, very quick
A: high MP 1, forlorn, divine attributes, cold resistance 1, regeneration 1
a: no special abilities


You were on level 1 of the Elven Halls.
You visited 4 branches of the dungeon, and saw 23 of its levels.
You also visited: Ossuary and Ice Cave.

You collected 2293 gold pieces.
You spent 1135 gold pieces at shops.

Inventory:

Hand Weapons
 v - a +6 dagger of freezing
 A - a +6 short sword of protection
 S - the +5 war axe "Oclyez" {flame, rElec rCorr Dex+2}
   (You found it on level 3 of the Lair of Beasts)

   Dex+2:     It affects your dexterity (+2).
   rElec:     It insulates you from electricity.
   rCorr:     It protects you from acid and corrosion.
 U - the +3 great mace of Tortfeasance {elec, rPois rC+ rN++ Will+}
   (You found it on level 4 of the Lair of Beasts)

   rC+:       It protects you from cold.
   rPois:     It protects you from poison rN++: It greatly protects you from
   negative energy.
   Will+:     It increases your willpower.
Missiles
 u - 2 throwing nets
Armour
 b - a +1 hat of willpower (worn)
 m - a +0 hat of intelligence
 n - the +1 robe of Vines {NoPotionHeal Regen++++}
   (You found it on level 7 of the Dungeon)

   NoPotionHeal: Its wearer cannot be healed by potions.
   Regen++++: It increases your rate of health regeneration.
 D - a +1 pair of boots (worn)
 O - +0 steam dragon scales (worn)
 R - a +0 cloak (worn)
Magical Staves
 I - a staff of fire
 J - a staff of earth
 X - a staff of conjuration (weapon)
Jewellery
 a - a +4 ring of protection
 i - a ring of poison resistance
 l - a ring of willpower
 s - the ring "Kees" (right hand) {Int+3 SInv}
   (You acquired it on level 7 of the Dungeon)

   [ring of see invisible]

   Int+3:     It affects your intelligence (+3).
   SInv:      It lets you see invisible.
 w - a ring of magical power (left hand)
 z - a ring of positive energy
 G - a ring of protection from fire
 H - a ring of fire
Wands
 j - a wand of digging (9)
 q - a wand of charming (4)
Scrolls
 e - 8 scrolls of teleportation
 o - 8 scrolls of identify
 p - a scroll of silence
 x - 2 scrolls of amnesia
 C - 2 scrolls of poison
 F - 3 scrolls of blinking
 V - a scroll of fog
Potions
 c - 3 potions of mutation
 d - 10 potions of curing
 g - 2 potions of brilliance
 h - 3 potions of enlightenment
 k - 2 potions of might
 r - a potion of resistance
 E - 2 potions of invisibility
 K - a potion of heal wounds
 L - a potion of cancellation
Miscellaneous
 N - a lightning rod (3/4)


   Skills:
 - Level 5.0 Fighting
 - Level 5.0 Short Blades
 - Level 5.0 Staves
 - Level 5.0 Armour
 - Level 10.0 Dodging
 - Level 5.0 Stealth
 - Level 10.0 Spellcasting
 * Level 13.6 Conjurations
 - Level 5.0 Translocations
 - Level 10.0 Fire Magic
 - Level 5.0 Ice Magic
 + Level 8.2 Air Magic
 - Level 5.0 Earth Magic
 - Level 5.0 Alchemy
 - Level 5.0 Evocations


You had 9 spell levels left.
You knew the following spells:

 Your Spells              Type           Power      Damage    Failure   Level
a - Magic Dart            Conj           100%       1d8       0%          1
b - Searing Ray           Conj           100%       2d8       0%          2
c - Iskenderun's Mystic   Conj/Tloc      95%        2d18      1%          4
d - Brom's Barrelling Bo  Conj/Erth      95%        2d10      1%          4
e - Fireball              Conj/Fire      53%        3d21      1%          5
f - Hailstorm             Conj/Ice       95%        3d15      1%          3
g - Conjure Ball Lightni  Conj/Air       51%        3x3d18    3%          6

Your spell library contained the following spells:

 Spells                   Type           Power      Damage    Failure   Level
 Apportation              Tloc           100%       N/A       1%          1
 Slow                     Hex            76%        N/A       1%          1
 Summon Small Mammal      Summ           76%        N/A       1%          1
 Cigotuvi's Dreadful Rot  Necr/Alch/Air  100%       N/A       1%          2
 Lesser Beckoning         Tloc           100%       N/A       1%          2
 Static Discharge         Conj/Air       100%       3-8/arc   1%          2
 Gell's Gravitas          Tloc           55%        N/A       1%          3
 Summon Ice Beast         Ice/Summ       39%        N/A       1%          3
 Teleport Other           Tloc           55%        N/A       1%          3
 Airstrike                Air            35%        2d(6-22)  1%          4
 Fulminant Prism          Conj/Alch      47%        3d20      1%          4
 Ignite Poison            Fire/Alch      67%        N/A       1%          4
 Freezing Cloud           Conj/Ice/Air   47%        6-21      1%          5
 Iskenderun's Battlesphe  Conj           100%       2d15      1%          5
 Jinxbite                 Hex            38%        N/A       2%          2
 Summon Blazeheart Golem  Fire/Summ      55%        N/A       2%          4
 Summon Lightning Spire   Summ/Air       51%        N/A       3%          4
 Call Canine Familiar     Summ           19%        N/A       5%          3
 Confusing Touch          Hex            19%        N/A       5%          3
 Sigil of Binding         Hex            19%        N/A       5%          3
 Vampiric Draining        Necr           19%        2d7       5%          3
 Orb of Destruction       Conj           56%        9d14      6%          7
 Alistair's Intoxication  Alch           36%        N/A       7%          5
 Summon Forest            Summ/Tloc      19%        N/A       19%         5
 Eringya's Noxious Bog    Alch           27%        4d6       36%         6
 Sculpt Simulacrum        Ice/Alch       27%        N/A       36%         6
 Summon Hydra             Summ           9%         N/A       100%        7


Dungeon Overview and Level Annotations

Branches:
Dungeon (15/15)            Temple (0/1) D:4            Lair (5/5) D:9
 Shoals (0/4) Lair:3       Spider (0/4) Lair:2        Slime (0/5) Lair:4
    Orc (2/2) D:9             Elf (1/3) Orc:2        Vaults (0/5) D:13
 Depths (0/4) D:15        Ossuary (visited)           IceCv (visited)

Shops:
Orc:2 (!?=


Innate Abilities, Weirdness & Mutations

You have an increased reservoir of magic. (+10% MP)
You shall have no god before yourself.
Your divine heritage dramatically boosts your attributes as you level up.
Your flesh is cold resistant. (rC+)
Your natural rate of healing is unusually fast.


Message History

Things that are here:
a +0 long sword; a +0 leather armour
Casting: Brom's Barrelling Boulder (safe; 1% risk of failure)
Confirm with . or Enter, or press ? or * to list all spells.
You don't have enough magic to cast this spell.
Unknown command.
Things that are here:
a +0 short sword of venom; a +0 leather armour; a +0 long sword
Casting: Brom's Barrelling Boulder (safe; 1% risk of failure)
Confirm with . or Enter, or press ? or * to list all spells.
You don't have enough magic to cast this spell.
Casting: Brom's Barrelling Boulder (safe; 1% risk of failure)
Confirm with . or Enter, or press ? or * to list all spells.
Aiming: Fireball (mildly dangerous; 1% risk of failure)
Press: ? - help, Shift-Dir - straight line, f/p - +2 battleaxe of venom
Aim: a +2 battleaxe of venom (moderately damaged)
You feel a surge of power!
The fireball explodes!
The fireball engulfs the +2 battleaxe of venom.
The +2 battleaxe of venom resists.
The +2 battleaxe of venom is heavily damaged.
Okay, then.
You barely miss the +2 battleaxe of venom.
The +2 battleaxe of venom is heavily damaged.
The +2 battleaxe of venom closely misses you.
You miss the +2 battleaxe of venom.
The +2 battleaxe of venom is moderately damaged.
The +2 battleaxe of venom hits you!
You are poisoned.
You feel yourself speed up.
You feel very sick. The +2 battleaxe of venom hits you!!
* * * LOW HITPOINT WARNING * * *
You are lethally poisoned!
* * * LOW HITPOINT WARNING * * *
You feel very sick.
* * * LOW HITPOINT WARNING * * *
You feel very sick.
The +2 battleaxe of venom attacks as it pursues you!
The +2 battleaxe of venom hits you!
You die...

#####
#####...###
.##...#.).###
..#.#####...#
##### ..#.##
###.#####...#
..(..#
#....(....#
e.#).#
######@...#
..=..#
#.).)...<.#
).#.##
###.#####...#
).#.#####...#
#####
.##...#...###
#####...###
#####


You could see a +2 battleaxe of venom.

Vanquished Creatures
  Jorgrun (D:12)
  An acid blob (Lair:4)
  Gastronok (D:10)
  An azure jelly (Lair:4)
  Kirke (D:12)
  A deep elf sorcerer (Elf:1)
  A reaper (IceCv)
  A deep elf demonologist (Elf:1)
  The ghost of ratatoskos the Martial Artist, a journeyman OpSh of Trog (Lair:3)
  Snorg (Orc:1)
  The ghost of bimbombam the Basher, a journeyman MiFi of Okawaru (D:10)
  Harold (Orc:1)
  A rakshasa (D:15)
  3 ogre magi
  6 hydras
  5 centaur warriors
  3 catoblepae (Lair:5)
  12 death yaks
  A dancing weapon (Elf:1)
  3 boulder beetles
  A tengu warrior (D:15)
  15 two-headed ogres
  An orc high priest (Orc:1)
  A deep troll earth mage (D:14)
  4 deep elf knights (Elf:1)
  Urug (Lair:5)
  Sonja (Lair:2)
  A skeletal warrior (D:15)
  An iron troll (Orc:2)
  3 deep elf archers (Elf:1)
  A deep troll (Orc:2)
  An arcanist (D:13)
  Pikel (D:7)
  2 orc knights
  2 necromancers (D:13)
  9 deep elf pyromancers
  7 deep elf zephyrmancers (Elf:1)
  10 cyclopes
  15 ugly things
  7 manticores
  2 kobold blastminers (Orc:2)
  23 elephants
  7 black mambas
  An ice statue (IceCv)
  2 torpor snails
  13 cane toads
  A cane toad (shapeshifter) (D:14)
  A gargoyle (D:11)
  8 komodo dragons
  An unseen horror (D:11)
  5 rime drakes
  An ice devil (IceCv)
  A freezing wraith (D:15)
  A rime drake (shapeshifter) (D:14)
  An anaconda simulacrum (IceCv)
  14 trolls
  Prince Ribbit (D:6)
  14 blink frogs
  4 dream sheep (Lair:4)
  23 slime creatures
  A wraith (D:13)
  4 water elementals
  A vampire (D:13)
  5 hogs (D:12)
  11 wyverns
  2 fire bats (Lair:2)
  39 yaks
  4 basilisks
  4 wargs
  A fire elemental (Elf:1)
  4 vampire mosquitoes (D:13)
  2 death yak simulacra (IceCv)
  2 harpy simulacra (IceCv)
  13 water moccasins
  2 acid dragons
  A swamp drake (D:9)
  19 orc warriors
  3 black bears
  16 wolves
  22 ogres
  14 centaurs
  4 lemures (D:7)
  A phantom (D:5)
  2 kobold brigands
  5 elf zombies (Ossuary)
  13 bullfrogs
  6 two-headed ogre simulacra (IceCv)
  A wyvern zombie (D:7)
  2 gnoll sergeants
  An earth elemental (Elf:1)
  A water moccasin zombie (D:7)
  2 scorpions (D:5)
  15 wights
  3 elephant simulacra (IceCv)
  11 howler monkeys
  6 electric eels
  A bullfrog zombie (D:7)
  2 centaur zombies
  A hound (D:5)
  3 human zombies (Ossuary)
  A bombardier beetle (D:5)
  2 gnoll boudas
  7 jellies
  11 orc priests
  2 iguanas
  20 orc wizards
  7 hell rats (Lair:2)
  4 polar bear simulacra (IceCv)
  A spriggan simulacrum (IceCv)
  6 troll simulacra (IceCv)
  2 wolf simulacra (IceCv)
  A killer bee zombie (D:7)
  2 crocodile zombies (Ossuary)
  3 mummies (Ossuary)
  22 gnolls
  8 adders
  4 naga simulacra (IceCv)
  A shadow imp (D:5)
  19 white imps
  11 ufetubi
  2 dart slugs
  6 ribbon worms
  71 orcs
  6 bats
  6 endoplasms
  3 giant cockroaches
  6 goblins
  5 hobgoblins
  7 jackals
  12 kobolds
  3 quokkas
  5 ball pythons
  5 rats
  A boulder (Orc:1)
776 creatures vanquished.

Vanquished Creatures (collateral kills)
  Rupert (D:15)
  An ugly thing (D:15)
  56 boulders
58 creatures vanquished.

Vanquished Creatures (others)
  9 ball lightnings
  60 boulders
  36 fulminant prisms
105 creatures vanquished.

Grand Total: 939 creatures vanquished

Notes
Turn   | Place    | Note
-------+----------+-------------------------------------------
     0 | D:1      | Anriel the Demigod Conjurer began the quest for the Orb.
     0 | D:1      | Reached XP level 1. HP: 14/14 MP: 5/5
   382 | D:1      | Reached XP level 2. HP: 20/20 MP: 2/7
   436 | D:1      | Learned a level 2 spell: Searing Ray
  1207 | D:2      | Reached XP level 3. HP: 22/26 MP: 0/9
  2033 | D:2      | Reached XP level 4. HP: 21/33 MP: 6/11
  2153 | D:3      | Learned a level 4 spell: Iskenderun's Mystic Blast
  2916 | D:4      | Found a staircase to the Ecumenical Temple.
  2972 | D:4      | Found a sand-covered staircase.
  2997 | Ossuary  | Entered an ossuary
  3065 | Ossuary  | Reached XP level 5. HP: 38/38 MP: 5/12
  3347 | Ossuary  | Reached XP level 6. HP: 32/45 MP: 3/14
  4044 | Ossuary  | Reached XP level 7. HP: 50/50 MP: 7/17
  4286 | D:4      | Reached skill level 5 in Dodging
  5089 | D:5      | Entered Level 5 of the Dungeon
  5317 | D:5      | Reached skill level 5 in Spellcasting
  5317 | D:5      | Reached skill level 4 in Conjurations
  5457 | D:5      | Reached skill level 1 in Translocations
  6063 | D:5      | Noticed a yak
  6065 | D:5      | Noticed a yak
  6066 | D:5      | Noticed a yak
  6073 | D:5      | Killed a yak
  6074 | D:5      | Reached XP level 8. HP: 57/57 MP: 10/19
  6078 | D:5      | Reached skill level 5 in Stealth
  6078 | D:5      | Reached skill level 5 in Conjurations
  6295 | D:6      | Learned a level 4 spell: Fulminant Prism
  6332 | D:6      | Noticed Prince Ribbit
  6346 | D:6      | Killed Prince Ribbit
  6347 | D:6      | Reached skill level 1 in Short Blades
  6347 | D:6      | Reached skill level 1 in Armour
  7234 | D:6      | Reached skill level 5 in Translocations
  7716 | D:7      | Reached XP level 9. HP: 62/62 MP: 12/20
  8332 | D:7      | Reached skill level 1 in Alchemy
  8475 | D:7      | Noticed Pikel
  8728 | D:7      | Noticed a five-headed hydra
  9037 | D:7      | Killed a five-headed hydra
  9225 | D:7      | Found the +1 robe of Vines {NoPotionHeal Regen++++}
  9322 | D:7      | Killed Pikel
  9323 | D:7      | Reached skill level 5 in Short Blades
  9323 | D:7      | Reached skill level 5 in Armour
  9732 | D:7      | Identified a scroll of acquirement
  9733 | D:7      | Acquired the ring "Kees" {Int+3 SInv}
  9852 | D:8      | Reached skill level 1 in Evocations
 10060 | D:8      | Reached XP level 10. HP: 70/70 MP: 13/21
 10165 | D:8      | Reached skill level 1 in Fighting
 10322 | D:8      | Reached skill level 5 in Alchemy
 11462 | D:9      | Found a staircase to the Orcish Mines.
 11716 | D:9      | Reached skill level 6 in Conjurations
 12152 | D:9      | Found a staircase to the Lair.
 12438 | D:10     | Entered Level 10 of the Dungeon
 12598 | D:10     | Noticed a two-headed ogre
 12611 | D:10     | Noticed Gastronok
 12612 | D:10     | Killed a two-headed ogre
 12613 | D:10     | Reached skill level 7 in Conjurations
 12613 | D:10     | Reached skill level 5 in Evocations
 12752 | D:10     | Killed Gastronok
 12753 | D:10     | Reached skill level 1 in Fire Magic
 12753 | D:10     | Reached XP level 11. HP: 84/84 MP: 14/22
 12878 | D:10     | HP: 1/84 [komodo dragon (21)]
 13370 | D:10     | Found a runed translucent door.
 13370 | D:10     | Noticed bimbombam's ghost (journeyman MiFi)
 13396 | D:10     | Killed bimbombam's ghost
 13397 | D:10     | Reached skill level 8 in Conjurations
 13929 | D:11     | Reached skill level 5 in Fighting
 14110 | D:11     | Reached skill level 9 in Conjurations
 14999 | D:12     | Noticed a boulder beetle
 15017 | D:12     | Killed a boulder beetle
 15193 | D:12     | Noticed Jorgrun
 15391 | D:12     | Noticed a deep elf pyromancer
 15400 | D:12     | Killed a deep elf pyromancer
 15610 | D:12     | Noticed Kirke
 15628 | D:12     | Killed Kirke
 15629 | D:12     | Reached skill level 10 in Conjurations
 15629 | D:12     | Reached skill level 5 in Fire Magic
 15642 | D:12     | Reached XP level 12. HP: 54/94 MP: 1/23
 15657 | D:12     | Reached skill level 1 in Earth Magic
 15835 | D:12     | Killed Jorgrun
 16090 | D:12     | Noticed a four-headed hydra
 16099 | D:12     | Killed a four-headed hydra
 16368 | D:12     | Learned a level 4 spell: Brom's Barrelling Boulder
 16374 | D:12     | Learned a level 5 spell: Fireball
 16501 | D:13     | Noticed a centaur warrior
 16503 | D:13     | Killed a centaur warrior
 16875 | D:13     | Noticed a centaur warrior
 16882 | D:13     | Killed a centaur warrior
 17646 | D:13     | Found a gate to the Vaults.
 17694 | D:13     | Noticed a centaur warrior
 17704 | D:13     | Killed a centaur warrior
 17986 | D:13     | Found a transporter.
 17988 | D:13     | Found a transporter.
 17990 | D:13     | Found a transporter.
 17990 | D:13     | Found a transporter.
 18956 | D:14     | Noticed a boulder beetle
 19116 | D:14     | Killed a boulder beetle
 19116 | D:14     | Noticed a centaur warrior
 19233 | D:14     | Killed a centaur warrior
 19234 | D:14     | Reached XP level 13. HP: 100/100 MP: 13/29
 19424 | D:14     | Reached skill level 5 in Earth Magic
 19881 | D:14     | Reached skill level 1 in Air Magic
 20856 | D:15     | Entered Level 15 of the Dungeon
 22419 | D:15     | Reached skill level 10 in Spellcasting
 22592 | D:15     | Noticed Rupert
 23199 | D:14     | HP: 1/100 [deep troll earth mage (12)]
 23207 | D:14     | Reached skill level 1 in Staves
 23552 | D:15     | Killed Rupert
 23646 | D:15     | Found a staircase to the Depths.
 24292 | Orc:1    | Entered Level 1 of the Orcish Mines
 24314 | Orc:1    | Reached skill level 5 in Air Magic
 24318 | Orc:1    | Noticed Harold
 24329 | Orc:1    | Killed Harold
 24369 | Orc:1    | Noticed Snorg
 24416 | Orc:1    | Found a frozen archway.
 24419 | IceCv    | Entered an ice cave
 25542 | IceCv    | Noticed a reaper
 25558 | IceCv    | Killed a reaper
 25644 | IceCv    | Reached XP level 14. HP: 107/107 MP: 10/32
 25861 | IceCv    | Learned a level 3 spell: Hailstorm
 26428 | Orc:1    | Killed Snorg
 26814 | Orc:2    | Entered Level 2 of the Orcish Mines
 27311 | Orc:2    | Found a staircase to the Elven Halls.
 27364 | Orc:2    | Found Boma's Jewellery Shop.
 27377 | Orc:2    | Reached skill level 10 in Dodging
 28283 | Orc:2    | Found Zapa's Magic Scroll Shop.
 28297 | Orc:2    | Found Ruasig's Distillery.
 28302 | Orc:2    | Found Voubafoo's Weapon Boutique.
 28320 | Orc:2    | Bought a scroll of identify for 24 gold pieces
 28320 | Orc:2    | Bought a scroll of identify for 24 gold pieces
 28320 | Orc:2    | Bought a scroll of poison for 48 gold pieces
 28325 | Orc:2    | Bought a ring of fire for 325 gold pieces
 28344 | Orc:2    | Bought a potion of mutation for 136 gold pieces
 28344 | Orc:2    | Bought 2 potions of mutation for 272 gold pieces
 28344 | Orc:2    | Bought a potion of mutation for 136 gold pieces
 28344 | Orc:2    | Bought a potion of haste for 170 gold pieces
 28450 | Orc:2    | Gained mutation: You are agile. (Dex +4, Str/Int -1)
                  | [potion of mutation]
 28451 | Orc:2    | Lost mutation: You are agile. (Dex +4, Str/Int -1) [potion
                  | of mutation]
 28451 | Orc:2    | Gained mutation: You are strong-willed. (Will+) [potion of
                  | mutation]
 28451 | Orc:2    | Gained mutation: You are partially covered in iridescent
                  | scales. (AC +2) [potion of mutation]
 28452 | Orc:2    | Lost mutation: You are partially covered in iridescent
                  | scales. (AC +2) [potion of mutation]
 28452 | Orc:2    | Lost mutation: You are strong-willed. (Will+) [potion of
                  | mutation]
 28452 | Orc:2    | Gained mutation: Your flesh is cold resistant. (rC+)
                  | [potion of mutation]
 28452 | Orc:2    | Gained mutation: Your natural rate of healing is unusually
                  | fast. [potion of mutation]
 28828 | Lair:1   | Entered Level 1 of the Lair of Beasts
 28836 | Lair:1   | Learned a level 6 spell: Conjure Ball Lightning
 28942 | Lair:1   | Reached skill level 5 in Staves
 29814 | Lair:1   | Identified the ring "Ugruf" {rC- rN+ Str+2 Slay+4}
 30833 | Lair:2   | Found a hole to the Spider Nest.
 31047 | Lair:2   | Noticed Sonja
 31056 | Lair:2   | Killed Sonja
 31589 | Lair:2   | Identified the +7 chain mail of Entitlement {^Drain rC+
                  | Will+ Slay+2}
 31860 | Lair:3   | Reached skill level 11 in Conjurations
 32248 | Lair:3   | Found a transporter.
 32255 | Lair:3   | Noticed ratatoskos's ghost (journeyman OpSh)
 32593 | Lair:3   | Found a transporter.
 32652 | Lair:3   | Identified the +5 war axe "Oclyez" {flame, rElec rCorr
                  | Dex+2}
 32716 | Lair:3   | Found a staircase to the Shoals.
 32949 | Lair:3   | Reached XP level 15. HP: 105/113 MP: 33/33
 33001 | Lair:3   | Killed ratatoskos's ghost
 33373 | Lair:4   | Reached skill level 10 in Fire Magic
 33647 | Lair:4   | Reached skill level 1 in Ice Magic
 33881 | Lair:4   | Noticed an azure jelly
 33885 | Lair:4   | Killed an azure jelly
 34016 | Lair:4   | Reached skill level 12 in Conjurations
 34089 | Lair:4   | Identified the +3 great mace of Tortfeasance {elec, rPois
                  | rC+ rN++ Will+}
 34333 | Lair:4   | Found a runed translucent door.
 34333 | Lair:4   | Found a staircase to the Slime Pits.
 34334 | Lair:4   | Noticed an acid blob
 34341 | Lair:4   | Killed an acid blob
 34432 | Lair:4   | You fall into a shaft and drop 1 floor!
 34432 | Lair:5   | Entered Level 5 of the Lair of Beasts
 34434 | Lair:5   | Noticed Urug
 34437 | Lair:5   | Killed Urug
 35613 | Lair:5   | Reached skill level 13 in Conjurations
 36863 | Elf:1    | Entered Level 1 of the Elven Halls
 37470 | Elf:1    | Noticed a Hell Sentinel
 37477 | Elf:1    | Reached skill level 5 in Ice Magic
 37510 | Elf:1    | Mangled by a +2 battleaxe of venom

Illustrated notes

Levels and vault maps discovered:
D:1:      dpeg_arrival_stone_temple_mockup, layout_loops_ring, serial_bayou,
          serial_bayou_crossing, serial_bayou_shore_b, serial_bayou_pond_a,
          serial_bayou_shore_a, shapermc_ecumenical_altar_totnotflames,
          minivault_24
D:2:      layout_basic
D:3:      layout_rooms, mainiacjoe_overflow_alcove_4, lightli_temple_of_fire,
          nicolae_wormholes
D:4:      layout_gridville, nicolae_wu_jian_immortal_techniques,
          minmay_temple_entry_statues_fountains, enter_ossuary_5
D:5:      layout_basic, general_overflow_altar
D:6:      layout_gridville, amcnicky_altar_gilded, uniq_prince_ribbit1
D:7:      nicolae_cairo_tiling_large, layout_basic,
          mainiacjoe_overflow_brackets, serial_undead, serial_undead_a,
          serial_undead_e, serial_undead_b, serial_undead_e,
          corexii_item_surrounded_by_moat, minivault_24,
          hellmonk_guarded_unrand_vines, uniq_pikel
D:8:      layout_basic, mainiacjoe_overflow_surrounded_room
D:9:      layout_layer_cave, mainiacjoe_overflow_concentric_impassable,
          minmay_lair_entry_grove, erik_orc_1
D:10:     layout_roguey, nicolae_overflow_crystal_walls,
          hellmonk_ghost_happy_afterlife, chequers_decorated_corner,
          uniq_gastronok
D:11:     layout_basic, minivault_24
D:12:     layout_stronghold, serial_bayou_lagoon_b, uniq_jorgrun, uniq_kirke
D:13:     layout_cave_pods, david_vaults_1, nicolae_diode_quadrants
D:14:     layout_rooms
D:15:     hellmonk_depths_entry_around_the_bend, layout_basic,
          serial_bayou_lagoon_a, uniq_rupert
Lair:1:   layout_long_grid, basic_altar, infiniplex_staircase_pool_2,
          grunt_megastairs_2
Lair:2:   layout_gridlike, dummy_spider_entry, nzn_random_ring, uniq_sonja
Lair:3:   layout_regular_city, shoals_dummy_entry, nzn_ghost_randoct,
          infiniplex_staircase_pool
Lair:4:   layout_roguey, slime_entry_2, nicolae_lair_time_for_slime
Lair:5:   evilmike_catoblepas_cave, layout_regular_city, uniq_urug
Orc:1:    layout_caves, portal_ice_cave_entry_imps,
          nicolae_orc_hostile_takeover, uniq_harold, uniq_snorg
Orc:2:    st_orc_open, layout_diamond_mine, nicolae_orc_lava_room
Elf:1:    eino_elf_arrival_altar, layout_geoelf_grid, minmay_elf_sorcery,
          minmay_misc_feat_rows, uniq_agnes

Skill      XL: |  1  2  3  4  5  6  7  8  9 10 11 12 13 14 15 |
---------------+----------------------------------------------+-----
Dodging        | 2 3 4 5 6 8 9 10 | 10.0
Spellcasting   | 2 3 4 5 8 10 | 10.0
Stealth        | 2 3 4 5 |  5.0
Conjurations   | 4 5 7 10 11 13 | 13.6
Translocations | 2 5 |  5.0
Short Blades   | 3 5 |  5.0
Armour         | 3 5 |  5.0
Alchemy        | 4 5 |  5.0
Evocations     | 1 5 |  5.0
Fighting       | 4 5 |  5.0
Fire Magic     | 1 5 9 10 | 10.0
Earth Magic    | 4 5 |  5.0
Air Magic      | 5 6 8 |  8.2
Staves         | 2 5 |  5.0
Ice Magic      | 5 |  5.0

Action                     |  1- 3 |  4- 6 |  7- 9 | 10-12 | 13-15 || total
---------------------------+-------+-------+-------+-------+-------++-------
  Melee: Unarmed           |     3 |       |       |       |       ||     3
         Dagger            |     1 |    58 |    88 |   158 |    76 ||   381
         Punch             |       |     2 |       |     3 |     7 ||    12
         Short sword       |       |       |    76 |    71 |    33 ||   180
         Staff             |       |       |       |     3 |   143 ||   146
  Throw: Throwing net      |       |       |       |     1 |     1 ||     2
   Cast: Magic Dart        |    59 |    57 |   134 |   118 |    81 ||   449
         Searing Ray       |     9 |    29 |    56 |    80 |    45 ||   219
         Iskenderun's Myst |       |       |    20 |    43 |   100 ||   163
         Fulminant Prism   |       |       |     5 |    31 |       ||    36
         Fireball          |       |       |       |    33 |   280 ||   313
         Brom's Barrelling |       |       |       |    22 |   146 ||   168
         Hailstorm         |       |       |       |       |    25 ||    25
         Conjure Ball Ligh |       |       |       |       |     3 ||     3
  Evoke: Wand              |       |       |       |    18 |    23 ||    41
         Lightning rod     |       |       |       |       |     4 ||     4
    Use: Scroll            |     7 |     6 |    16 |     8 |    18 ||    55
         Potion            |       |       |     5 |     7 |    15 ||    27
   Stab: Sleeping          |       |       |     5 |     4 |       ||     9
         Invisible         |       |       |       |     1 |       ||     1
         Held in net/web   |       |       |       |       |     2 ||     2
 Armour: Robe              |    14 |    55 |   153 |   295 |    71 ||   588
         Leather armour    |       |       |       |       |   128 ||   128
         Steam dragon scal |       |       |       |       |    81 ||    81
  Dodge: Dodged            |    19 |    39 |   164 |   231 |   279 ||   732
